 Dungeon Crawl Stone Soup version 0.29-a0-1016-g236c7fd91e (webtiles) character file.

Game seed: 14327427854265164

52 componib the Chopper (level 3, -2/34 HPs)
             Began as a Hill Orc Berserker on Aug 9, 2022.
             Was a Believer of Trog.
             Succumbed to a kobold's poison
             ... on level 2 of the Dungeon.
             The game lasted 00:04:01 (1197 turns).

componib the Chopper (Hill Orc Berserker)           Turns: 1197, Time: 00:04:01

Health: -2/34      AC: 11    Str: 21    XL:     3   Next: 85%
Magic:  3/3        EV:  6    Int:  7    God:    Trog [**....]
Gold:   9          SH:  0    Dex: 10    Spells: 2/2 levels left

rFire   . . .      SeeInvis .   a - +0 hand axe
rCold   . . .      Faith    .   (no shield)
rNeg    . . .      Spirit   .   d - +0 plate armour
rPois   .          Reflect  .   (no helmet)
rElec   .          Harm     .   (no cloak)
rCorr   .          Rampage  .   (no gloves)
Will    .....                   (no boots)
Stlth   ..........              (no amulet)
HPRegen 0.11/turn               (no ring)
MPRegen 0.08/turn               (no ring)

@: lethally poisoned (-2 -> -25)
A: no striking features
a: Renounce Religion, Berserk, Trog's Hand


You were on level 2 of the Dungeon.
You worshipped Trog.
Trog was pleased with you.
You visited 1 branch of the dungeon, and saw 2 of its levels.

You collected 9 gold pieces.

Inventory:

Hand Weapons
 a - a +0 hand axe (weapon)
 g - a +1 spear of venom
 l - a +0 flail
Missiles
 c - 2 boomerangs (quivered)
Armour
 b - a +0 animal skin
 d - a +0 plate armour (worn)
Scrolls
 j - a scroll of magic mapping {unknown}
 k - a scroll of noise {unknown}
Potions
 e - 2 potions of curing {unknown}
 f - a potion of lignification {unknown}
 h - 2 potions of haste {unknown}
 i - 2 potions of heal wounds {unknown}
 m - a potion of attraction {unknown}


   Skills:
 + Level 4.4 Fighting
 + Level 5.1 Axes
 + Level 2.6 Armour
 + Level 1.6 Dodging


You had 2 spell levels left.
You didn't know any spells.
Your spell library was empty.

Dungeon Overview and Level Annotations

Branches:
Dungeon (2/15)

Altars:


Message History

Found a bubbling dark potion.
Found a scroll labelled CONUDU DEUK.
e - 2 bubbling dark potions (gained 1)
Found a stone staircase leading up.
An endoplasm comes into view.
The endoplasm quivers.
A kobold comes into view. It is wielding a +2 dagger of venom.
The kobold shouts!
The endoplasm hits you but does no damage.
You completely miss the endoplasm.
The endoplasm hits you but does no damage.
You hit the endoplasm.
The endoplasm is moderately wounded.
The endoplasm freezes you.
You are frozen.
You hit the endoplasm.
You kill the endoplasm!
Trog accepts your kill. The kobold hits you but does no damage.
You are poisoned.
You closely miss the kobold.
You feel very sick.
The kobold hits you with a +2 dagger of venom.
You hit the kobold but do no damage.
You feel sick. The kobold hits you but does no damage.
You are lethally poisoned!
You barely miss the kobold.
* * * LOW HITPOINT WARNING * * *
You feel very sick. The kobold hits you but does no damage.
You are more poisoned.
You barely miss the kobold.
* * * LOW HITPOINT WARNING * * *
You feel very sick. The kobold hits you but does no damage.
You are more poisoned.
You hit the kobold.
You kill the kobold!
Trog accepts your kill.
You die...

..............#... #<#
.#..........### ... #.#
......###.### ..# #.#
......###.#### ..####.#
..##.........###....##.#
. ................#.##.#
###.####.............# #
##.............
#.@).....#
#...........?...
##..#....!......
....##........... .<...
#........... ....
#..........# ...
####..###..# ... ##.#
..#


There were no monsters in sight!

Vanquished Creatures
  An adder (D:2)
  2 worms (D:2)
  3 dart slugs (D:1)
  6 endoplasms
  5 goblins
  A hobgoblin (D:1)
  A ball python (D:1)
  2 bats (D:1)
  8 kobolds
  4 rats
33 creatures vanquished.

Notes
Turn   | Place    | Note
-------+----------+-------------------------------------------
     0 | D:1      | componib the Hill Orc Berserker began the quest for the
                  | Orb.
     0 | D:1      | Reached XP level 1. HP: 19/19 MP: 1/1
   186 | D:1      | Reached XP level 2. HP: 27/27 MP: 2/2
   665 | D:1      | Reached XP level 3. HP: 31/33 MP: 3/3
  1067 | D:2      | Reached ** piety under Trog
  1106 | D:2      | Reached skill level 5 in Axes
  1161 | D:2      | Found a faded altar of an unknown god.
  1197 | D:2      | Succumbed to a kobold's poison

Illustrated notes

Levels and vault maps discovered:
D:1:      elethiomel_arrival_infinity_welcomes_careful_drivers,
          layout_loops_ring, minmay_misc_feat_room, minmay_pentomino_z2
D:2:      layout_rooms, basic_ecumenical_altar, amethyst_killhole

Skill      XL: |  1  2  3 |
---------------+----------+-----
Fighting       | 4 |  4.4
Axes           | 5 |  5.1
Armour         | |  2.6
Dodging        | |  1.6

Action                   || total
-------------------------++-------
Melee: Hand axe          ||   121
Invok: Berserk           ||     1
Armor: Plate armour      ||    64
Dodge: Dodged            ||    34

Table legend: (Time is in decaauts)
 A = Elapsed time spent in this place.
 B = Non-inter-level travel time spent in this place.
 C = Inter-level travel time spent in this place.
 D = Time resting spent in this place.
 E = Time spent auto-exploring this place.
 F = Levels seen in this place.
 G = Mean time per level.
                   A        B        C        D        E       F      G
               +--------+--------+--------+--------+--------+-----+--------+
         Total |   1210 |   1197 |     13 |      0 |    779 |   2 |  605.0 |
       Dungeon |   1210 |   1197 |     13 |      0 |    779 |   2 |  605.0 |
               +--------+--------+--------+--------+--------+-----+--------+

Top non-repeatable levels by time:
     D:1: 975 daAuts
     D:2: 235 daAuts
